 Dungeon Crawl Stone Soup version 0.17-a0-119-g2b06fc5 (webtiles) character file.

76 Ngotmuk the Cudgeler (level 4, -2/40 HPs)
             Began as a Deep Dwarf Fighter on Mar 20, 2015.
             Killed by divine providence
             ... invoked by an orc priest
              (13 damage)
             ... on level 3 of the Dungeon.
             The game lasted 00:05:24 (1299 turns).

Ngotmuk the Cudgeler (Deep Dwarf Fighter)           Turns: 1299, Time: 00:05:24

Health: -2/40      AC:  6    Str: 26    XL:     4   Next: 12%
Magic:  4/4        EV:  7    Int:  9    God:
Gold:   91         SH: 10    Dex: 12    Spells: 0 memorised, 3 levels left

rFire  . . .     SeeInvis .     a - +0 flail
rCold  . . .     Clarity  .     b - +0 scale mail
rNeg   . . .     SustAb   .     c - +0 shield
rPois  .         Gourm    .     (no helmet)
rElec  .         Spirit   .     (no cloak)
rCorr  .         Warding  .     (no gloves)
rMut   .         Rnd*Tele +     (no boots)
MR     .....                    p - amulet of rage
Stlth  ..........               l - +6 ring of strength
                                s - ring of teleportation (curse)

@: non-regenerating, not resistant to hostile enchantments, extremely unstealthy
A: damage resistance, recharge devices, sense surroundings 1, slow healing 3
a: Device Recharging, Evoke Berserk Rage, Evoke Teleportation


You were on level 3 of the Dungeon.
You were not hungry.

You visited 1 branch of the dungeon, and saw 3 of its levels.

You collected 91 gold pieces.

Inventory:

Hand weapons
 a - a +0 flail (weapon)
Armour
 b - a +0 scale mail (worn)
 c - a +0 shield (worn)
Jewellery
 g - an uncursed ring of poison resistance
 l - a +6 ring of strength (right hand)
 p - an amulet of rage (around neck)
 q - an uncursed ring of flight
 s - a cursed ring of teleportation (left hand)
 v - an uncursed ring of sustain abilities {unknown}
Magical devices
 d - a wand of heal wounds (5)
Scrolls
 h - 3 scrolls of identify {unknown}
 k - 2 scrolls of blinking {unknown}
 r - a scroll of teleportation {unknown}
 t - a scroll of fog {unknown}
 w - 3 scrolls of fear {unknown}
Potions
 e - a potion of might
 j - a potion of flight {unknown}
 m - a potion of brilliance {unknown}
 n - a potion of curing {unknown}
 u - 2 potions of agility {unknown}
 x - a potion of heal wounds {unknown}
Comestibles
 f - 4 bread rations
 i - a beef jerky


   Skills:
 - Level 2.8 Fighting
 * Level 4.2 Maces & Flails
 - Level 3.4 Armour
 - Level 3.2 Shields


You had 3 spell levels left.
You didn't know any spells.

Dungeon Overview and Level Annotations

Branches:
Dungeon (3/15)

Altars:
Qazlal


Innate Abilities, Weirdness & Mutations

You are resistant to damage.
You can recharge devices by infusing magical energy.
You passively map a small area around you.
You do not heal naturally.


Message History

The orc priest mumbles some strange prayers to Beogh against you.
Something smites you!
* * * LOW HITPOINT WARNING * * *
You see here 3 tomahawks.
The bat barely misses you. You block the bat's attack.
The bat closely misses you. You block the bat's attack.
There is a stone staircase leading up, spattered with blood here.
You miss the bat. The bat hits you but does no damage.
You barely miss the orc. You block the orc's attack.
You sock the orc!!
You kill the orc!
The bat barely misses you. You block the bat's attack.
You hit the orc!
You kill the orc!
The bat barely misses you.
The orc priest calls down the wrath of Beogh upon you.
Something smites you!
You die...

, #? , .., .. <.,#. , #.#
#.##..# ..#....... . *
#.......# # .
..####..#... #.
....,...........#
#.#...........b..†# *
....#..##.#..##.@##* #
............####)###.#
.....#......o..o.....#
...........o..o#..#..#
.............$)!(...(#* *
..<..........†###.#.....#
..............., .#.....
o.o.l.........#. .. ....
o..b..............#..$.,


You could see an orc priest, an orc and a bat.

Vanquished Creatures
  A worker ant zombie (D:2)
  An adder (D:2)
  2 worms
  2 giant geckos (D:2)
  3 orcs (D:3)
  2 bats
  6 bat skeletons (D:2)
  A bat zombie (D:2)
  A giant cockroach (D:2)
  4 goblins
  4 hobgoblins (D:2)
  2 giant cockroach zombies (D:2)
  A giant gecko skeleton (D:2)
  7 giant newts
  6 kobolds
  A quokka (D:2)
  A rat (D:2)
45 creatures vanquished.

Vanquished Creatures (others)
  A kobold (D:2)
1 creature vanquished.

Grand Total: 46 creatures vanquished

Notes
Turn   | Place    | Note
--------------------------------------------------------------
     0 | D:1      | Ngotmuk, the Deep Dwarf Fighter, began the quest for the Orb.
     0 | D:1      | Reached XP level 1. HP: 20/20 MP: 1/1
   628 | D:2      | Reached XP level 2. HP: 25/27 MP: 2/2
   710 | D:2      | Reached XP level 3. HP: 24/33 MP: 3/3
   788 | D:2      | Found a stormy altar of Qazlal.
  1169 | D:2      | Reached skill level 4 in Maces & Flails
  1267 | D:3      | Reached XP level 4. HP: 18/40 MP: 4/4
  1299 | D:3      | Killed from afar by an orc priest

Action                   |  1- 3 |  4- 6 || total
-------------------------+-------+-------++-------
Melee: Flail             |   104 |    13 ||   117
  Eat: Pizza             |     1 |       ||     1
